[Event "Titled Tuesday Blitz February 21 Early 2023"]
[White "Yurovskykh, Oleksandr"]
[Black "Indjic, Aleksandar"]
[WhiteFideId "14134020"]
[BlackFideId "911925"]
[WhiteElo "2328"]
[BlackElo "2618"]
[Result "1/2-1/2"]
[Round "02"]
[TimeControl "180+2"]
[Date "2023.02.21"]
[WhiteClock "0:00:11"]
[BlackClock "0:00:18"]

1. d4 Nf6 2. Nf3 e6 3. Bf4 c5 4. c3 Nc6 5. e3 Nh5 6. Bg5 Qb6 7. Qb3 h6 8. Bh4 g5 9. Qxb6 axb6 10. Bg3 Nxg3 11. hxg3 g4 12. Ng1 f5 13. Nd2 d5 14. Ne2 c4 15. a3 b5 16. Rc1 Kf7 17. Nf4 Bd6 18. Be2 Ne7 19. f3 e5 20. dxe5 Bxe5 21. Bd1 Bxf4 22. gxf4 h5 23. g3 Bd7 24. Bc2 Ng6 25. Kf2 Kf6 26. Rh2 Ne7 27. Rch1 Be8 28. Rh4 Bg6 29. Nf1 Kg7 30. Nd2 Rad8 31. R4h2 Nc8 32. Rd1 Nb6 33. Nf1 Rd6 34. Kg1 Rhd8 35. Rhd2 R6d7 36. Kf2 Kf6 37. Rd4 Bf7 38. Nd2 Bg6 39. Rh1 Kg7 40. Ke2 Rd6 41. Nb1 Nd7 42. Rhd1 Nf6 43. Nd2 Re6 44. Nf1 Rde8 45. Kf2 gxf3 46. Kxf3 h4 47. Kf2 h3 48. Rxd5 h2 49. Nxh2 Nxd5 50. Rxd5 Rxe3 51. Rd2 Bh5 52. Bxf5 Re2+ 53. Rxe2 Rxe2+ 54. Kg1 Rxb2 55. g4 Bf7 56. Nf3 Rb3 57. Nd4 Rxc3 58. Nxb5 Rb3 59. Nd4 Rxa3 60. g5 Ra1+ 61. Kf2 Rd1 62. Ke3 c3 63. Bc2 Rd2 64. f5 Kf8 65. f6 b5 66. g6 Rxc2 67. g7+ Kg8 68. Nxc2 Bg6 69. Nb4 Bh7 70. Na2 c2 71. Kd2 Kf7 72. Nb4 Kxf6 73. Nxc2 Kxg7 74. Nd4 Bg6 75. Nxb5 1/2-1/2


[Site "https://www.chess.com"]

[Event "Titled Tuesday Blitz February 21 Early 2023"]
[White "Martinez Ramirez, Lennis"]
[Black "Anton Guijarro, David"]
[WhiteFideId "3509079"]
[BlackFideId "2285525"]
[WhiteElo "2426"]
[BlackElo "2690"]
[Result "1/2-1/2"]
[Round "02"]
[TimeControl "180+2"]
[Date "2023.02.21"]
[WhiteClock "0:00:03"]
[BlackClock "0:00:04"]

1. c4 e5 2. g3 d6 3. Bg2 Be7 4. Nc3 f5 5. d4 Nf6 6. Nh3 c6 7. O-O O-O 8. d5 cxd5 9. Nxd5 Nc6 10. Ng5 Kh8 11. Nxe7 Qxe7 12. b3 h6 13. Nf3 Be6 14. Ba3 Rad8 15. Qc2 Ne4 16. Rad1 Qf6 17. e3 a5 18. Nd2 Nc5 19. Qc3 Rc8 20. Nb1 Bg8 21. Bxc5 dxc5 22. Rd7 b6 23. f4 e4 24. Qxf6 Rxf6 25. Rfd1 Nb4 26. a4 Rf7 27. Nc3 Nd3 28. Rxf7 Bxf7 29. Bh3 g6 30. Nxe4 Nb2 31. Rd2 Re8 32. Nd6 Rxe3 33. Nxf7+ Kg7 34. Rxb2 Kxf7 35. Bg2 Kf6 36. Kf2 Rc3 37. Bf3 g5 38. fxg5+ hxg5 39. h4 g4 40. Bd5 Ke5 41. Kg2 Re3 42. h5 f4 43. gxf4+ Kxf4 44. Rf2+ Kg5 45. Rb2 Kxh5 46. Bc6 Kg5 47. Bb5 Kf4 48. Rf2+ Kg5 49. Rd2 Kf4 50. Kf2 Rh3 51. Rd6 Rxb3 52. Rxb6 Rb2+ 53. Kg1 Kg3 54. Kf1 Rb1+ 55. Ke2 Ra1 56. Rc6 Kf4 57. Rf6+ Ke4 58. Re6+ Kf4 59. Rf6+ Ke4 60. Rg6 Kf4 61. Rf6+ 1/2-1/2


[Site "https://www.chess.com"]

[Event "Titled Tuesday Blitz February 21 Early 2023"]
[White "Vokhidov, Shamsiddin"]
[Black "Dixit, Nikhil"]
[WhiteFideId "14204223"]
[BlackFideId "5059534"]
[WhiteElo "2586"]
[BlackElo "2257"]
[Result "1-0"]
[Round "02"]
[TimeControl "180+2"]
[Date "2023.02.21"]
[WhiteClock "0:02:16"]
[BlackClock "0:00:33"]

1. e4 g6 2. d4 Bg7 3. Nf3 d6 4. Bc4 Nf6 5. Qe2 O-O 6. e5 dxe5 7. dxe5 Nd5 8. O-O Bg4 9. Nbd2 Nc6 10. Qe4 Bxf3 11. Nxf3 e6 12. Rd1 Qe7 13. Bg5 Qc5 14. Bxd5 exd5 15. Rxd5 Qb6 16. b3 Rae8 17. Re1 Nb4 18. Rd7 Nxa2 19. Be7 Qe6 20. Bxf8 Qxd7 21. Bxg7 Kxg7 22. Qxb7 a5 23. Qa7 a4 24. Qxa4 Qxa4 25. bxa4 Ra8 26. e6 fxe6 27. Rxe6 Rxa4 28. Re7+ Kf6 29. Rxc7 h5 30. g3 Nb4 31. Rc4 Ra1+ 32. Kg2 Nd5 33. Rc6+ Kg7 34. Ne5 g5 35. Rg6+ Kf8 36. Rxg5 Re1 37. Nd7+ Ke7 38. Rxd5 h4 39. Re5+ Rxe5 40. Nxe5 h3+ 41. Kxh3 Kf6 42. f4 Kg7 43. c4 Kh8 44. c5 Kh7 45. c6 Kh8 46. c7 Kh7 47. c8=Q Kh6 48. Qg8 Kh5 49. Qg5# 1-0


[Site "https://www.chess.com"]

[Event "Titled Tuesday Blitz February 21 Early 2023"]
[White "Lymar, Vladislav"]
[Black "Timofeev, Artyom"]
[WhiteFideId "14162180"]
[BlackFideId "4140419"]
[WhiteElo "2119"]
[BlackElo "2567"]
[Result "1/2-1/2"]
[Round "02"]
[TimeControl "180+2"]
[Date "2023.02.21"]
[WhiteClock "0:00:03"]
[BlackClock "0:00:05"]

1. e4 d6 2. d4 Nf6 3. Nc3 g6 4. g3 Bg7 5. Bg2 O-O 6. Nge2 c6 7. a4 e5 8. h3 Nbd7 9. Be3 Re8 10. d5 Nb6 11. b3 cxd5 12. exd5 a6 13. g4 e4 14. O-O h6 15. Qd2 Kh7 16. Rad1 Nbd7 17. Ng3 Ne5 18. Ncxe4 Nxe4 19. Bxe4 Qh4 20. Kg2 Kg8 21. Bd4 b5 22. f4 Nd7 23. Bxg7 Kxg7 24. Qd4+ Qf6 25. Qxf6+ Nxf6 26. Bf3 bxa4 27. bxa4 Bd7 28. a5 Rac8 29. Rd2 Bb5 30. Rb1 Rc4 31. Be2 Rc5 32. Bxb5 axb5 33. Rbd1 b4 34. g5 hxg5 35. fxg5 Nd7 36. Rd4 Rxc2+ 37. R1d2 Rxd2+ 38. Rxd2 Nc5 39. Ne2 Ra8 40. Ra2 b3 41. Ra3 b2 42. Nc3 Ra6 43. Kf3 Nb7 44. Rb3 Nxa5 45. Rxb2 Nc4 46. Rb4 Ne5+ 47. Ke4 Nd7 48. Rc4 Nc5+ 49. Kd4 Nb3+ 50. Ke3 Ra5 51. Rc6 Ra3 52. Rxd6 Na5 53. Kd4 Nb3+ 54. Kd3 Nc5+ 55. Kd4 Rxc3 56. Rc6 Rxh3 57. Kxc5 Rg3 58. d6 Rxg5+ 59. Kb6 Rd5 60. Kc7 Kh6 61. d7 Rxd7+ 62. Kxd7 Kg5 63. Ke7 f5 64. Rc1 f4 65. Ke6 Kg4 66. Rg1+ Kf3 67. Rxg6 Ke3 68. Kf5 f3 69. Re6+ Kd2 70. Kg4 f2 71. Rf6 Ke2 72. Kg3 f1=Q 73. Rxf1 Kxf1 1/2-1/2


[Site "https://www.chess.com"]

[Event "Titled Tuesday Blitz February 21 Early 2023"]
[White "Zhigalko, Sergei"]
[Black "Mamedov, Edgar"]
[WhiteFideId "13502956"]
[BlackFideId "13739980"]
[WhiteElo "2572"]
[BlackElo "2193"]
[Result "0-1"]
[Round "02"]
[TimeControl "180+2"]
[Date "2023.02.21"]
[WhiteClock "0:00:01"]
[BlackClock "0:00:38"]

1. e4 c5 2. Nf3 e6 3. c3 Nf6 4. e5 Nd5 5. Bc4 Nc6 6. O-O d6 7. d4 Be7 8. Qe2 O-O 9. Re1 cxd4 10. cxd4 Qb6 11. Nc3 Nxd4 12. Nxd4 Qxd4 13. Bxd5 exd5 14. Nb5 Qb6 15. Be3 Qd8 16. exd6 Bxd6 17. Bxa7 b6 18. Nxd6 Qxd6 19. Qe7 Qg6 20. Re3 Bf5 21. Rc1 d4 22. Rg3 Qh6 23. f4 Rfe8 24. Qb7 d3 25. Bxb6 Rab8 26. Qc7 Qxb6+ 27. Qxb6 Rxb6 28. b3 Rbe6 0-1


[Site "https://www.chess.com"]

[Event "Titled Tuesday Blitz February 21 Early 2023"]
[White "gshwbedhkhd"]
[Black "Bharath Subramaniyam H"]
[BlackFideId "46634827"]
[WhiteElo "2556"]
[BlackElo "2517"]
[Result "0-1"]
[Round "02"]
[TimeControl "180+2"]
[Date "2023.02.21"]
[WhiteClock "0:00:02"]
[BlackClock "0:00:12"]

1. e4 c5 2. Nf3 d6 3. d4 cxd4 4. Nxd4 Nf6 5. Nc3 a6 6. f4 e5 7. Nb3 Be7 8. Be2 Nc6 9. O-O O-O 10. Be3 b5 11. a4 b4 12. Nd5 Be6 13. a5 exf4 14. Bxf4 Nxe4 15. Bf3 f5 16. Nb6 Ra7 17. Nd4 Nxd4 18. Qxd4 d5 19. Qe5 Bc5+ 20. Kh1 Re8 21. Bxe4 fxe4 22. Rad1 Bf7 23. Qf5 d4 24. Qxc5 e3 25. Rxd4 e2 26. Re1 Qf6 27. Nd5 Bxd5 28. Qxd5+ Rf7 29. h3 g5 30. Bg3 Kg7 31. Kh2 Rfe7 32. Rg4 h6 33. Rxb4 h5 34. h4 gxh4 35. Rxh4 Re5 36. Qd7+ R5e7 37. Qd3 Re3 38. Qd5 Rxg3 39. Kxg3 Re3+ 40. Qf3 Rxf3+ 41. gxf3 Qg5+ 42. Kh3 Qd2 43. Rg1+ Kf6 44. Re4 Qxc2 45. Rg2 Qxe4 46. fxe4 e1=Q 0-1


[Site "https://www.chess.com"]

[Event "Titled Tuesday Blitz February 21 Early 2023"]
[White "Mitrabha, Guha"]
[Black "Karttunen, Mika"]
[WhiteFideId "5057000"]
[BlackFideId "502081"]
[WhiteElo "2507"]
[BlackElo "2490"]
[Result "1-0"]
[Round "02"]
[TimeControl "180+2"]
[Date "2023.02.21"]
[WhiteClock "0:01:40"]
[BlackClock "0:00:20"]

1. d4 Nf6 2. Bf4 e6 3. e3 d5 4. Nd2 Bd6 5. Ngf3 Bxf4 6. exf4 b6 7. c3 O-O 8. Bd3 h6 9. O-O Ba6 10. Bxa6 Nxa6 11. Ne5 Nb8 12. Re1 c5 13. Ndf3 Qc7 14. Qd3 Nbd7 15. f5 Rae8 16. Re3 Ne4 17. fxe6 Rxe6 18. Rae1 c4 19. Qc2 Ndf6 20. h3 Rfe8 21. Qa4 Qb7 22. b4 a6 23. Qc2 Qc7 24. a4 Qb7 25. Nh2 Nd6 26. Neg4 Nxg4 27. Nxg4 Rxe3 28. Rxe3 Rxe3 29. Nxe3 Qc6 30. f3 Ne8 31. Nf5 Kf8 32. Qe2 Qe6 33. Qxe6 fxe6 34. Ne3 Nf6 35. Kf2 Kf7 36. h4 g5 37. hxg5 hxg5 38. g4 Ke7 39. Nf1 Kd6 40. Ke3 e5 41. Ng3 Ke6 42. Nf5 Nd7 43. Ng7+ Kf7 44. Nh5 Ke6 45. Ng3 Nb8 46. Ne2 b5 47. axb5 axb5 48. dxe5 Kxe5 49. Nd4 Nd7 50. Nxb5 Nb6 51. Nd4 Na4 52. Kd2 Kf4 53. Kc2 Ke3 54. b5 Nb6 55. Kb2 Kd3 56. Ne6 Na4+ 57. Ka3 Nxc3 58. b6 Nb5+ 59. Kb4 Nd6 60. Nc5+ Ke3 61. Ne6 Kd2 62. Kc5 Nb7+ 63. Kxd5 c3 64. Nd4 c2 65. Nxc2 Kxc2 66. Ke4 Kc3 67. Kf5 Kd4 68. Kxg5 Ke5 69. f4+ Ke6 70. Kg6 Ke7 71. Kg7 Nd6 72. f5 Ne8+ 73. Kg6 Kd7 74. f6 1-0


[Site "https://www.chess.com"]

[Event "Titled Tuesday Blitz February 21 Early 2023"]
[White "Ismagilov, Damir"]
[Black "Chigaev, Maksim"]
[WhiteFideId "34199982"]
[BlackFideId "4108116"]
[WhiteElo "2156"]
[BlackElo "2628"]
[Result "0-1"]
[Round "02"]
[TimeControl "180+2"]
[Date "2023.02.21"]
[WhiteClock "0:01:06"]
[BlackClock "0:01:44"]

1. Nf3 Nf6 2. g3 g6 3. Bg2 Bg7 4. O-O O-O 5. c4 c5 6. Nc3 Nc6 7. b3 d6 8. Bb2 e5 9. e3 h6 10. d4 exd4 11. exd4 Bg4 12. dxc5 dxc5 13. h3 Bf5 14. Nb5 Qb6 15. Qc1 Rad8 16. Ne5 Nb4 17. a3 Nc2 18. Ra2 Nd4 19. Nxd4 cxd4 20. c5 Qxb3 21. Qa1 Be6 22. Bxb7 0-1


[Site "https://www.chess.com"]

[Event "Titled Tuesday Blitz February 21 Early 2023"]
[White "Ter-Sahakyan, Samvel"]
[Black "Manukyan, Sargis A."]
[WhiteFideId "13302531"]
[BlackFideId "13303970"]
[WhiteElo "2617"]
[BlackElo "2158"]
[Result "1-0"]
[Round "02"]
[TimeControl "180+2"]
[Date "2023.02.21"]
[WhiteClock "0:01:32"]
[BlackClock "0:00:13"]

1. d4 d5 2. c4 e6 3. Nc3 Nf6 4. Nf3 Be7 5. Bf4 c5 6. dxc5 Na6 7. e3 Nxc5 8. cxd5 Nxd5 9. Nxd5 exd5 10. Bb5+ Bd7 11. Bxd7+ Qxd7 12. O-O O-O 13. Be5 f6 14. Bd4 Rfd8 15. Qe2 Rac8 16. Rfd1 a6 17. Bxc5 Bxc5 18. Rd3 Qe6 19. Qd1 Bb6 20. h3 Rd7 21. Rc1 Rcd8 22. Rc2 d4 23. exd4 Qxa2 24. b3 Qa3 25. Re2 Qb4 26. Re4 Qd6 27. Qe2 Kf7 28. Rde3 Qa3 29. Qc4+ Kf8 30. Ng5 g6 31. Ne6+ 1-0


[Site "https://www.chess.com"]

[Event "Titled Tuesday Blitz February 21 Early 2023"]
[White "Danielyan, Vahe"]
[Black "Sanal, Vahap"]
[WhiteFideId "13304828"]
[BlackFideId "6300545"]
[WhiteElo "2346"]
[BlackElo "2600"]
[Result "1-0"]
[Round "02"]
[TimeControl "180+2"]
[Date "2023.02.21"]
[WhiteClock "0:00:07"]
[BlackClock "0:00:08"]

1. d4 Nf6 2. c4 e6 3. Nc3 Bb4 4. Bf4 O-O 5. Qb3 a5 6. e3 d6 7. a3 Bxc3+ 8. Qxc3 b6 9. Bd3 Bb7 10. f3 Re8 11. Ne2 Nbd7 12. Rd1 e5 13. dxe5 dxe5 14. Bg5 h6 15. Bh4 Qe7 16. O-O e4 17. fxe4 Bxe4 18. Nd4 Bxd3 19. Rxd3 Qe4 20. Nf5 Qe5 21. Qd2 Qe6 22. Rd4 Kh7 23. Rdf4 g5 24. Qc2 Ne4 25. Nd4 Qg6 26. Rxf7+ Kg8 27. Rxd7 gxh4 28. Rff7 Qg5 29. Nf5 Rf8 30. Rg7+ Kh8 31. Rh7+ Kg8 32. Rdg7+ Qxg7 33. Rxg7+ Kh8 34. Qxe4 Rxf5 35. Qxf5 Kxg7 36. Qe5+ Kg6 37. Qxc7 Rf8 38. Qxb6+ Rf6 39. Qxf6+ Kxf6 40. b4 Ke5 41. bxa5 1-0


[Site "https://www.chess.com"]

[Event "Titled Tuesday Blitz February 21 Early 2023"]
[White "Madaminov, Mukhiddin"]
[Black "Najdin, Danil"]
[WhiteFideId "14210703"]
[BlackFideId "4172426"]
[WhiteElo "2422"]
[BlackElo "2235"]
[Result "1-0"]
[Round "02"]
[TimeControl "180+2"]
[Date "2023.02.21"]
[WhiteClock "0:00:23"]
[BlackClock "0:00:40"]

1. d4 Nf6 2. Nc3 d5 3. Bf4 Bf5 4. f3 e6 5. g4 Bg6 6. h4 h5 7. g5 Ng8 8. e3 Bd6 9. Nh3 Ne7 10. Bxd6 Qxd6 11. Nf4 Nf5 12. Qd2 a6 13. O-O-O c5 14. dxc5 Qxc5 15. e4 Ng3 16. Rg1 Nxf1 17. Rgxf1 d4 18. Nxg6 fxg6 19. Ne2 Nc6 20. Nxd4 Nxd4 21. Qxd4 Qxd4 22. Rxd4 Rd8 23. Rxd8+ Kxd8 24. Kd2 Ke7 25. Ke3 Rc8 26. c3 Rd8 27. f4 Rd7 28. Ke2 b5 29. Rd1 Rb7 30. Rd4 Rc7 31. Ke3 Rc8 32. e5 Rc6 33. Kd3 Rb6 34. Kc2 Rb8 35. a4 Rf8 36. axb5 axb5 37. Kb3 Ra8 38. Kb4 Ra2 39. Rd2 Ra1 40. Rh2 Rf1 41. Kxb5 Rxf4 42. c4 Re4 43. c5 Rxe5 44. b4 Re4 45. c6 Kd6 46. Rd2+ Kc7 47. Rd7+ Kc8 48. Rxg7 Rxh4 49. Rxg6 Rg4 50. Rxe6 h4 51. Rh6 Kc7 52. Rh7+ Kd6 53. c7 Rxg5+ 54. Kb6 Rg8 55. Kb7 1-0


[Site "https://www.chess.com"]

[Event "Titled Tuesday Blitz February 21 Early 2023"]
[White "Papp, Levente"]
[Black "Bachmann, Axel"]
[WhiteFideId "751243"]
[BlackFideId "3700488"]
[WhiteElo "2353"]
[BlackElo "2604"]
[Result "1-0"]
[Round "02"]
[TimeControl "180+2"]
[Date "2023.02.21"]
[WhiteClock "0:00:06"]
[BlackClock "0:00:09"]

1. b3 d5 2. Bb2 Bg4 3. c4 d4 4. d3 e5 5. Nd2 Nc6 6. Ngf3 Be7 7. a3 a5 8. g3 Qd7 9. h3 Be6 10. Bg2 Nh6 11. Qc2 O-O 12. Rc1 Rae8 13. c5 Kh8 14. Nb1 f5 15. Nfd2 e4 16. dxe4 fxe4 17. Nxe4 Bf5 18. Nbd2 Bg5 19. f4 Bd8 20. Qc4 Ng8 21. b4 axb4 22. axb4 Be6 23. Qd3 Nxb4 24. Qxd4 Qxd4 25. Bxd4 Ne7 26. O-O Bd5 27. Bf2 Nec6 28. Nc3 Bxg2 29. Kxg2 Bf6 30. Nde4 Bd4 31. Rfd1 Bxf2 32. Kxf2 h6 33. Rd7 Ne5 34. Rxc7 Ned3+ 35. exd3 Nxd3+ 36. Ke3 Nxc1 37. Rxb7 Ra8 38. c6 Na2 39. c7 Nxc3 40. Nxc3 Kh7 41. Nd5 Rfe8+ 42. Kf3 Ra3+ 43. Kg4 Raa8 44. Nb6 h5+ 45. Kxh5 Ra5+ 46. Kg4 Rc5 47. c8=Q Rcxc8 48. Nxc8 Rxc8 49. Rd7 Rc6 50. f5 Rg6+ 51. fxg6+ 1-0


[Site "https://www.chess.com"]

[Event "Titled Tuesday Blitz February 21 Early 2023"]
[White "Migot, Tangi"]
[Black "Narayanan, Srinath"]
[WhiteFideId "662445"]
[BlackFideId "5018420"]
[WhiteElo "2373"]
[BlackElo "2559"]
[Result "1/2-1/2"]
[Round "02"]
[TimeControl "180+2"]
[Date "2023.02.21"]
[WhiteClock "0:00:20"]
[BlackClock "0:00:03"]

1. Nf3 d5 2. e3 Nf6 3. c4 c6 4. Qc2 g6 5. d4 Bg7 6. Nc3 O-O 7. Bd2 Na6 8. cxd5 Nb4 9. Qb3 Nbxd5 10. h3 Nxc3 11. Bxc3 Ne4 12. Be2 c5 13. O-O Nxc3 14. bxc3 b6 15. a4 Qc7 16. a5 Bb7 17. Rfb1 Be4 18. axb6 axb6 19. Rxa8 Rxa8 20. Qxb6 Qxb6 21. Rxb6 cxd4 22. cxd4 Ra1+ 23. Kh2 Bf6 24. Rb2 Kg7 25. Nd2 Bf5 26. Bg4 Bd3 27. Bf3 e5 28. Ne4 Bxe4 29. Bxe4 exd4 30. exd4 Bxd4 31. Rd2 Ra4 32. Bf3 h5 33. g3 h4 34. gxh4 Be5+ 35. Kg2 Rxh4 36. Re2 Bd6 37. Re4 Rh8 38. Rd4 Be7 39. Rd7 Kf6 40. Rd4 Rb8 41. Rf4+ Kg7 42. Re4 Bf6 43. Re2 Rb4 44. Rc2 Bd4 45. Re2 f5 46. Rc2 Kf6 47. Rc6+ Kg7 48. Rc2 Bb6 49. Re2 Kf6 50. Rc2 Ke5 51. Re2+ Kf4 52. Rc2 g5 53. Be2 Ke5 54. Bd3 Rf4 55. Rb2 Bd4 56. Re2+ Kd6 57. Bc2 Kc5 58. Bd1 Kc4 59. Rc2+ Kd3 60. Ra2 Bc5 61. Be2+ Kc3 62. Bf3 Bd4 63. Bd5 1/2-1/2


[Site "https://www.chess.com"]

[Event "Titled Tuesday Blitz February 21 Early 2023"]
[White "Ibarra Jerez, Jose Carlos"]
[Black "Fisher_TheGalactic"]
[WhiteFideId "2226332"]
[WhiteElo "2563"]
[BlackElo "2535"]
[Result "1-0"]
[Round "02"]
[TimeControl "180+2"]
[Date "2023.02.21"]
[WhiteClock "0:00:35"]
[BlackClock "0:00:01"]

1. e4 b6 2. d4 Bb7 3. Bd3 Nf6 4. Qe2 e6 5. Nf3 d5 6. e5 Nfd7 7. Ng5 g6 8. h4 Nc6 9. c3 Qe7 10. h5 Bg7 11. Nf3 O-O-O 12. h6 Bf8 13. Bg5 f6 14. exf6 Qf7 15. Bb5 Bd6 16. Bxc6 Bxc6 17. Ne5 Bxe5 18. dxe5 Kb7 19. b4 Ba4 20. O-O Nb8 21. f4 d4 22. b5 Qd7 23. c4 a6 24. Na3 c6 25. Rab1 d3 26. Qd2 c5 27. Bh4 Rhf8 28. Bf2 a5 29. Rbe1 Qc8 30. Nb1 Bc2 31. Nc3 Rd7 32. Ne4 Qc7 33. Kh2 Rfd8 34. g4 Ka7 35. Be3 Rf7 36. Qg2 Nd7 37. Bd2 1-0


[Site "https://www.chess.com"]

[Event "Titled Tuesday Blitz February 21 Early 2023"]
[White "Vovk, Orest"]
[Black "Livaic, Leon"]
[WhiteFideId "14113490"]
[BlackFideId "14531534"]
[WhiteElo "2315"]
[BlackElo "2579"]
[Result "0-1"]
[Round "02"]
[TimeControl "180+2"]
[Date "2023.02.21"]
[WhiteClock "0:00:07"]
[BlackClock "0:00:38"]

1. h4 c5 2. h5 Nc6 3. Nc3 d5 4. e4 d4 5. Nce2 e5 6. Ng3 Be6 7. Nf3 f6 8. Bb5 Qb6 9. Bxc6+ Qxc6 10. d3 c4 11. O-O O-O-O 12. b3 c3 13. a4 Kb8 14. Ba3 Bxa3 15. Rxa3 Bg4 16. b4 Nh6 17. Qb1 Bxf3 18. gxf3 Nf7 19. Qb3 Ng5 20. Kg2 Qd7 21. Rh1 g6 22. Raa1 f5 23. hxg6 f4 24. g7 Qxg7 25. Nf5 Qg8 26. Qxg8 Rdxg8 27. Ne7 Rg7 28. Nf5 Rg6 29. Nh4 Rb6 30. b5 a6 31. Rab1 axb5 32. Rxb5 Rxb5 33. axb5 Kc7 34. Ng6 Re8 35. Nh4 Rg8 36. Kf1 Kb6 37. Ke2 Ra8 38. Nf5 Ra2 39. Rh5 Rxc2+ 40. Kd1 Rd2+ 41. Kc1 Nxf3 42. Rh6+ Kxb5 43. Rxh7 Ne1 44. Rxb7+ Kc6 45. Re7 Nxd3+ 0-1


[Site "https://www.chess.com"]

[Event "Titled Tuesday Blitz February 21 Early 2023"]
[White "Principe, Gerson"]
[Black "Bacrot, Etienne"]
[WhiteFideId "3804550"]
[BlackFideId "605506"]
[WhiteElo "2226"]
[BlackElo "2667"]
[Result "0-1"]
[Round "02"]
[TimeControl "180+2"]
[Date "2023.02.21"]
[WhiteClock "0:00:01"]
[BlackClock "0:01:14"]

1. Nf3 d5 2. e3 Nf6 3. b3 g6 4. Bb2 Bg7 5. Be2 O-O 6. O-O c5 7. a4 Nc6 8. Ne5 Qc7 9. Nxc6 bxc6 10. f4 d4 11. Na3 Nd5 12. Nc4 Rd8 13. Qc1 Ba6 14. g3 dxe3 15. Bxg7 Kxg7 16. dxe3 Nf6 17. Qa3 Rd5 18. Bd3 Rad8 19. e4 Rd4 20. Qxc5 Bxc4 21. bxc4 Nxe4 22. Bxe4 Rxe4 23. Rae1 Rdd4 24. Rxe4 Rxe4 25. Rd1 Qb6 26. Qxb6 axb6 27. Rb1 Rxc4 28. Rxb6 Rxc2 29. Rb7 Kf6 30. a5 Ke6 31. Rb8 Ra2 32. Ra8 Kf5 33. Rc8 Rxa5 34. Rxc6 Kg4 0-1


[Site "https://www.chess.com"]

[Event "Titled Tuesday Blitz February 21 Early 2023"]
[White "Predke, Alexandr"]
[Black "Aggelis, Nikolaos"]
[WhiteFideId "24107581"]
[BlackFideId "4213220"]
[WhiteElo "2685"]
[BlackElo "2270"]
[Result "1-0"]
[Round "02"]
[TimeControl "180+2"]
[Date "2023.02.21"]
[WhiteClock "0:00:07"]
[BlackClock "0:00:13"]

1. e4 c5 2. Nf3 e6 3. g3 d5 4. exd5 exd5 5. Bg2 Nf6 6. O-O Be7 7. d4 c4 8. b3 cxb3 9. axb3 O-O 10. Bg5 Nc6 11. c3 h6 12. Bxf6 Bxf6 13. b4 a6 14. Nbd2 Bf5 15. Re1 Rc8 16. Nb3 Nb8 17. Re3 Be4 18. Nc5 b6 19. Nxa6 Nxa6 20. Rxa6 Qc7 21. Nd2 Bxg2 22. Kxg2 Ra8 23. Rxa8 Rxa8 24. Qb3 Qc6 25. Nf3 Rc8 26. b5 Qc4 27. Qxc4 Rxc4 28. Nd2 Rc8 29. Rd3 Kf8 30. Re3 Ra8 31. Re1 Ra2 32. Nf1 Rc2 33. Ne3 Rxc3 34. Nxd5 Rb3 35. Nxb6 Bxd4 36. Nd7+ Kg8 37. Re8+ Kh7 38. Nf8+ Kg8 39. Ne6+ Kh7 40. Nxd4 Rb4 41. Rd8 Kg6 42. Rd6+ f6 43. Rd5 Kf7 44. Nc6 Rb3 45. Nd4 Rb1 46. h4 g6 47. h5 gxh5 48. Rxh5 Ke7 49. Rd5 Rd1 50. Kf3 1-0


[Site "https://www.chess.com"]

[Event "Titled Tuesday Blitz February 21 Early 2023"]
[White "Novikov, Evgenij"]
[Black "Gokerkan, Cem Kaan"]
[WhiteFideId "4125380"]
[BlackFideId "6336760"]
[WhiteElo "2276"]
[BlackElo "2500"]
[Result "0-1"]
[Round "02"]
[TimeControl "180+2"]
[Date "2023.02.21"]
[WhiteClock "0:00:04"]
[BlackClock "0:00:55"]

1. d4 Nf6 2. c4 g6 3. Nc3 Bg7 4. e4 O-O 5. Be2 d6 6. Nf3 e5 7. d5 a5 8. O-O Na6 9. Qc2 Nh5 10. Rd1 Nf4 11. Bf1 Bg4 12. Bxf4 Bxf3 13. gxf3 exf4 14. Bg2 Qh4 15. h3 Rfe8 16. Nb5 Re5 17. Kf1 Rae8 18. Ke2 f5 19. Rf1 Nc5 20. Nxc7 Rc8 21. Ne6 fxe4 22. fxe4 f3+ 23. Bxf3 Nxe4 24. Kd1 Rxc4 25. Qd3 Nxf2+ 26. Rxf2 Qxf2 27. Be2 Qg1+ 28. Bf1 b5 29. Rc1 Qf2 30. Be2 Rxe2 31. Qxe2 Rxc1+ 32. Kxc1 Qxe2 33. Nxg7 Kxg7 34. a3 Kf6 35. Kb1 Ke5 36. Ka2 Kd4 37. h4 Kc4 38. a4 Qc2 39. h5 Qxa4+ 40. Kb1 Kb3 41. hxg6 Qe4+ 42. Kc1 Qe1# 0-1


[Site "https://www.chess.com"]

[Event "Titled Tuesday Blitz February 21 Early 2023"]
[White "Grigoriants, Sergey"]
[Black "Ladan, Nicholas"]
[WhiteFideId "4130804"]
[BlackFideId "30918855"]
[WhiteElo "2562"]
[BlackElo "2228"]
[Result "1-0"]
[Round "02"]
[TimeControl "180+2"]
[Date "2023.02.21"]
[WhiteClock "0:00:07"]
[BlackClock "0:00:04"]

1. d4 d5 2. c4 e6 3. Nc3 c6 4. e3 Nf6 5. Nf3 Nbd7 6. Qc2 Bd6 7. Bd3 O-O 8. O-O b6 9. e4 dxe4 10. Nxe4 Be7 11. Bf4 Bb7 12. Nxf6+ Nxf6 13. c5 bxc5 14. dxc5 Bxc5 15. Bxh7+ Nxh7 16. Qxc5 Qd5 17. Be3 Qxc5 18. Bxc5 Rfd8 19. Rac1 Ba6 20. Rfe1 Rd5 21. Nd4 Rc8 22. f3 Rc7 23. b4 Nf6 24. Rc3 Nd7 25. Nb3 Nb6 26. Rec1 Na4 27. Re3 Rcd7 28. h4 Nb2 29. Na5 Bb5 30. Kh2 Nd3 31. Rc3 Nf4 32. Nb3 Rd1 33. Rc2 R7d3 34. Rxd3 Bxd3 35. Rd2 Rxd2 36. Nxd2 Ne2 37. Bxa7 Nc3 38. a3 Bb5 39. Nb3 Nb1 40. Bd4 Nxa3 41. Nc5 Nc2 42. Bc3 Ne3 43. g4 Nd5 44. Bd2 Kf8 45. Kg3 Ke7 46. h5 Kd6 47. f4 Bd3 48. g5 Bf5 49. Nb7+ Kc7 50. Nc5 Kb6 51. Nd7+ Kb5 52. Ne5 Nxb4 53. Nxf7 Nd5 54. Nd6+ Kb6 55. Nxf5 exf5 56. g6 Ne7 57. Kh4 Ng8 58. Bc3 c5 59. Bxg7 c4 60. h6 Nxh6 61. Bxh6 c3 62. Bg7 c2 63. Bb2 1-0


[Site "https://www.chess.com"]

[Event "Titled Tuesday Blitz February 21 Early 2023"]
[White "Martin Duque, Jesus"]
[Black "Bernadskiy, Vitaliy"]
[WhiteFideId "2208954"]
[BlackFideId "14100371"]
[WhiteElo "2386"]
[BlackElo "2592"]
[Result "0-1"]
[Round "02"]
[TimeControl "180+2"]
[Date "2023.02.21"]
[WhiteClock "0:00:34"]
[BlackClock "0:01:48"]

1. b3 e5 2. Bb2 Nc6 3. c4 g6 4. g3 Bg7 5. Nc3 d6 6. Bg2 f5 7. e3 Nf6 8. Nge2 O-O 9. d3 Ne7 10. f4 c6 11. Qd2 a6 12. O-O Be6 13. c5 Nfd5 14. cxd6 Qxd6 15. Nxd5 Nxd5 16. fxe5 Bxe5 17. Bxe5 Qxe5 18. Nf4 Rfe8 19. e4 Qd4+ 20. Kh1 fxe4 21. Bxe4 Nc3 22. Rae1 Bf7 23. Bg2 Rad8 24. Rxe8+ Rxe8 25. Nh3 Bd5 26. Nf4 Bxg2+ 27. Qxg2 Rf8 28. Ne6 Rxf1+ 29. Qxf1 Qd5+ 0-1


[Site "https://www.chess.com"]

[Event "Titled Tuesday Blitz February 21 Early 2023"]
[White "Molina, Roberto Junio Brito"]
[Black "Bilan, Danila"]
[WhiteFideId "2109450"]
[BlackFideId "24161918"]
[WhiteElo "2403"]
[BlackElo "2303"]
[Result "1-0"]
[Round "02"]
[TimeControl "180+2"]
[Date "2023.02.21"]
[WhiteClock "0:00:11"]
[BlackClock "0:00:01"]

1. d4 d5 2. c4 c6 3. Nf3 Nf6 4. Nc3 e6 5. Bg5 Nbd7 6. e3 Be7 7. Bd3 dxc4 8. Bxc4 Nd5 9. Bxe7 Qxe7 10. O-O O-O 11. Rc1 Nxc3 12. Rxc3 e5 13. dxe5 Nxe5 14. Nxe5 Qxe5 15. f4 Qf6 16. f5 Rd8 17. Qc2 b6 18. b4 Bb7 19. Rf4 Rd6 20. Rd3 Rad8 21. Rxd6 Rxd6 22. h3 h6 23. Qe4 Rd8 24. Bb3 Ba8 25. Qc4 Re8 26. Re4 Rxe4 27. Qxe4 Qd8 28. Qe5 Qf8 29. f6 g6 30. Qe7 c5 31. bxc5 bxc5 32. Qxa7 Bc6 33. Qc7 Be4 34. a4 g5 35. a5 h5 36. a6 h4 37. a7 Kh7 38. Qxf7+ Qxf7 39. Bxf7 Ba8 40. Kf2 1-0


[Site "https://www.chess.com"]